 Dungeon Crawl Stone Soup version 0.26-a0-668-gd58323b419 (webtiles) character file.

Game seed: 7082338278914462599

37 marklar909 the Skirmisher (level 3, 0/30 HPs)
             Began as a Formicid Abyssal Knight on Oct 19, 2020.
             Was a Believer of Lugonu.
             Slain by a hobgoblin
             ... wielding a cursed +0 whip
              (2 damage)
             ... on level 2 of the Dungeon.
             The game lasted 00:01:07 (1316 turns).

marklar909 the Skirmisher (Formicid Abyssal Knight) Turns: 1316, Time: 00:01:08

Health: 0/30       AC:  5    Str: 17    XL:     3   Next: 60%
Magic:  4/4        EV: 10    Int: 11    God:    Lugonu [**....]
Gold:   34         SH:  0    Dex: 10    Spells: 2/2 levels left

rFire    . . .     SeeInvis +   a - +1 mace
rCold    . . .     Faith    .   (no shield)
rNeg     . . .     Spirit   .   g - +0 ring mail
rPois    .         Reflect  .   (helmet unavailable)
rElec    .         Harm     .   (no cloak)
rCorr    .         Rampage  .   (no gloves)
MR       .....                  (no boots)
Stlth    ..........             (no amulet)
HPRegen  0.10/turn              (no ring)
MPRegen  0.09/turn              (no ring)

@: lightly drained
A: permanent stasis, dig shafts and tunnels, four strong arms, antennae 3
a: Dig, Shaft Self, Depart the Abyss, Bend Space, Renounce Religion


You were on level 2 of the Dungeon.
You worshipped Lugonu.
Lugonu was pleased with you.
You visited 1 branch of the dungeon, and saw 2 of its levels.
You visited the Abyss 1 time.

You collected 34 gold pieces.

Inventory:

Hand Weapons
 a - a +1 mace (weapon)
Armour
 b - a +0 leather armour
 g - a +0 ring mail (worn)
Jewellery
 f - an uncursed ring of wizardry {unknown}
 k - an uncursed ring of ice {unknown}
Scrolls
 d - a scroll of remove curse
 e - a scroll of random uselessness {unknown}
 j - a scroll of identify {unknown}
 m - a scroll of immolation {unknown}
Potions
 c - a potion of magic {unknown}
 h - a potion of stabbing {unknown}
 i - a potion of might {unknown}
 l - a potion of flight {unknown}


   Skills:
 + Level 3.9(3.5) Fighting
 + Level 2.4(2.0) Maces & Flails
 + Level 2.6(2.2) Armour
 + Level 1.1(0.7) Dodging
 + Level 2.6(2.2) Invocations


You had 2 spell levels left.
You didn't know any spells.
Your spell library was empty.

Dungeon Overview and Level Annotations

Branches:
Dungeon (2/15)

Altars:


Innate Abilities, Weirdness & Mutations

You cannot be hasted, slowed, berserked, paralysed or teleported.
You can dig through walls and to a lower floor.
Your four strong arms can wield two-handed weapons with a shield.
You have a pair of large antennae on your head. (SInv)


Message History

You kill the hobgoblin!
Lugonu accepts your kill.
You closely miss the hobgoblin. The hobgoblin barely misses you.
You hit the hobgoblin.
The hobgoblin is severely wounded.
The hobgoblin hits you but does no damage.
The hobgoblin hits you with a cursed +0 whip.
* * * LOW HITPOINT WARNING * * *
You barely miss the hobgoblin.
The hobgoblin is severely wounded.
The hobgoblin hits you with a cursed +0 whip.
* * * LOW HITPOINT WARNING * * *
You closely miss the hobgoblin.
The hobgoblin is severely wounded.
The hobgoblin barely misses you.
You hit the hobgoblin but do no damage.
The hobgoblin is severely wounded.
The hobgoblin hits you but does no damage.
The hobgoblin hits you with a cursed +0 whip.
You die...

### #.. ######## #.#
# #......# #.#.# #
#.####.# #.#.#.#
#.####.#####.....#
#.#).....@g......#
#.#.##.#####........
#.#(##.# ##...####
#..(...# #.##
###.#### .#
####(##### .#
#........# #
#.##(###.#
#.#...##.#


You could see a hobgoblin.

Vanquished Creatures
  2 oozes (D:1)
  A ball python (D:1)
  A bat (D:1)
  3 goblins (D:1)
  5 hobgoblins
  4 jackals (D:2)
  3 frilled lizards (D:1)
  3 kobolds (D:1)
  4 rats (D:1)
26 creatures vanquished.

Notes
Turn   | Place    | Note
-------+----------+-------------------------------------------
     0 | Abyss:1  | marklar909 the Formicid Abyssal Knight began the quest for
                  | the Orb.
     0 | Abyss:1  | Reached XP level 1. HP: 18/18 MP: 2/2
    19 | Abyss:1  | Noticed a small abomination
    21 | D:1      | Escaped the Abyss
    56 | D:1      | Reached XP level 2. HP: 16/24 MP: 3/3
   656 | D:1      | Reached XP level 3. HP: 25/30 MP: 4/4
   713 | D:1      | Reached skill level 1 in Dodging
  1309 | D:2      | Reached ** piety under Lugonu
  1316 | D:2      | Slain by a hobgoblin

Illustrated notes

Levels and vault maps discovered:
D:1:      sevenhm_arrival_forest_fort_small_6, layout_loops_ring
D:2:      minmay_thinvault, layout_loops_corners, marbit_many_paths

Skill      XL: |  1  2  3 |
---------------+----------+-----
Dodging        | 1 |  1.1
Fighting       | |  3.9
Maces & Flails | |  2.4
Armour         | |  2.6
Invocations    | |  2.6

Action                   || total
-------------------------++-------
Melee: Mace              ||    93
  Use: Scroll            ||     1
Armor: Leather armour    ||    15
       Ring mail         ||    13
Dodge: Dodged            ||    67

Table legend: (Time is in decaauts)
 A = Elapsed time spent in this place.
 B = Non-inter-level travel time spent in this place.
 C = Inter-level travel time spent in this place.
 D = Time resting spent in this place.
 E = Time spent auto-exploring this place.
 F = Levels seen in this place.
 G = Mean time per level.
                   A        B        C        D        E       F      G
               +--------+--------+--------+--------+--------+-----+--------+
         Total |   1344 |   1307 |     37 |    168 |    893 |   3 |  448.0 |
       Dungeon |   1323 |   1286 |     37 |    168 |    889 |   2 |  661.5 |
         Abyss |     21 |     21 |      0 |      0 |      4 |   1 |   21.0 |
               +--------+--------+--------+--------+--------+-----+--------+

Top non-repeatable levels by time:
     D:1: 1211 daAuts
     D:2: 111 daAuts
 Abyss:1: 21 daAuts
